[Event "ESP-ch Teams Honor 2024"]
[Site "Melilla"]
[Date "2024.10.12"]
[Round "1.11"]
[White "Garrido Outon, Alex"]
[Black "Vega Gutierrez, Sabrina"]
[Result "1-0"]
[ECO "B36"]
[WhiteElo "2448"]
[BlackElo "2392"]
[Annotator "TA"]
[PlyCount "69"]
[EventDate "2024.10.11"]
[EventType "team-tourn"]
[EventCountry "ESP"]
[SourceTitle "playchess.com"]
[Source "ChessBase"]
[SourceQuality "1"]
[WhiteTeam "Extremadura"]
[BlackTeam "Casablanca"]
[TimeControl "5400+30"]

1. e4 c5 2. Nf3 g6 3. d4 cxd4 4. Nxd4 Nc6 5. c4 Nf6 6. Nc3 d6 7. Be2 Nxd4 8. Qxd4 Bg7 9. Be3 O-O 10. Qd3 {[%emt 0:00:08] Wit is actiever.} a6 {[%emt 0:02:32][%cal Ob7b5] B36: Siciliaans: Maroczy Bind: Gurgenidze Systeem.} 11. O-O {[%emt 0:00:23] OK} Bd7 {[%emt 0:00:19][%cal Ob7b5] OK} 12. a3 b5 {[%emt 0:00:33] OK. Wit staat iets beter.} 13. cxb5 {[%emt 0:00:10] OK} axb5 14. b4 $146 ({Predecessor:} 14. Rfc1 Qb8 15. Nxb5 Bxb5 16. Qxb5 Nxe4 17. Ra2 e6 18. a4 d5 19. a5 d4 20. Qxb8 Rfxb8 21. Bf4 e5 22. Bd3 f5 23. Bxe4 {½-½ Willmann,B (2357)-Kahl,F (2414) ST-2021-0-00200}) 14... Qb8 {[%emt 0:00:25] OK} 15. Rfc1 {[%emt 0:04:37] Fout (0.6)} (15. Nxb5 Bxb5 16. Qxb5 Nxe4 $19) (15. Bd4 $14) 15... Bc6 $11 {[%emt 0:17:31] OK} 16. Bf1 Rd8 17. Bd4 {[%emt 0:17:09][%cal Oc3d5] OK} e5 {[%emt 0:06:41] houdt voorsprong. Fout (1.3)} (17... Qb7 $15) 18. Be3 $16 {[%emt 0:00:06][%cal Oe3g5] Beste (Gemakkelijk)} (18. Nxb5 $2 {verliest.} Bxe4 19. Qb3 exd4 $19) 18... d5 {[%emt 0:06:04] OK} 19. Nxb5 {[%emt 0:05:35] OK} Bxb5 {[%emt 0:08:05] Fout (0.6)} (19... Qb7) 20. Qxb5 Nxe4 {[%emt 0:00:20] OK} 21. Bb6 {[%emt 0:05:54] OK} Rd6 {[%emt 0:22:59] was een poging waard. Fout (0.8)} (21... Re8 $16) {Enige zet:} 22. Rc6 $2 {[%emt 0:07:57] Gemiste overwinning (2.3)} (22. Bc7 $1 $18 Qa7 (22... Qxb5 23. Bxb5 Bh6 24. Bxd6 $16) 23. Bxd6 Qxf2+ 24. Kh1) 22... Nc3 $11 {[%emt 0:02:20] OK} (22... Qe8 $5 {vereenvoudigt} 23. Rxd6 Qxb5 24. Bxb5 Nxd6 25. Bf1 d4) 23. Qc5 {[%emt 0:02:41] blijft gelijk. Fout (0.7)} (23. Rxc3 $11 Rxb6 (23... Qxb6 24. Qxb6 Rxb6 25. Rd1 $14) (23... e4 24. Bc5 $11) 24. Qd7 (24. Qxd5 e4 $15)) 23... Rxc6 $17 {[%emt 0:00:30] Beste (Gemakkelijk)} 24. Qxc6 {[%emt 0:00:05][%cal Ob6c7] Sterke dreiging met Bc7!} e4 $1 {[%emt 0:00:40] Wit moet nu ...Qc8 voorkomen. Sterk} {Beter is} 25. Rc1 {[%emt 0:06:34] Fout (1.4)} (25. a4 $15) 25... d4 ({Sterker dan} 25... Rxa3 26. Bc7 Qc8 (26... Qxb4 $2 {slaat de verkeerde figuur.} 27. Bd6 $18) 27. b5 $11) 26. b5 {[%emt 0:07:41] [#] Beste} d3 $2 {[%emt 0:01:55][%mdl 8192] blijft op koers. Fout (2.6)} ({Ondeugdelijk is} 26... Rxa3 27. Bc5 Ra8 28. b6 $11) (26... Be5 $1 $17 {[%cal Ob8c8] ...Qc8! zou dodelijk zijn.} 27. g3 Rxa3) 27. Bc7 $16 {[%emt 0:11:12][%cal Bb6c7,Bc7f4,Bf4h6][%mdl 32] EV=16.59. Goes to h6 (dbg)). OK} Qe8 {[%emt 0:00:53] OK} 28. Rxc3 {[%emt 0:02:25] Beste (Gemakkelijk)} Bxc3 29. Qxc3 Qxb5 {[%emt 0:00:13] OK} 30. Bf4 {[%emt 0:00:45] Dreigt mat met Bh6. Beste (Gemakkelijk)} Qa5 {[%emt 0:01:16] OK} 31. Qd4 {[%emt 0:01:53] Wit wil matzetten met Bh6. Onnauwkeurig} {Zwart zou moeten spelen} Qa4 {[%emt 0:00:50] [#] Fout (0.6)} (31... g5 $14 32. Bc1 Rd8) {Wit zou moeten spelen} 32. Qe5 $40 {[%emt 0:00:58][%mdl 128] Wit wil iets hier. Fout (0.7)} (32. Qf6 $1 $16 {Met het idee Bh6 en mat.} Qa6 33. Qe5) {Een sterkere zet voor zwart zou zijn.} 32... Qe8 {[%emt 0:01:48] Fout (1.1)} (32... Rd8 $1 $14) 33. Qb2 {[%emt 0:02:48] met als doel voor Bh6. OK} Qe6 $2 {[%emt 0:00:23][%mdl 8192] Verliest partij (Mat)} (33... Qe7 $16) 34. Bh6 {[%emt 0:00:47][%csl Gh6][%cal Rb2g7] Beste (Gemakkelijk)} f6 {[%emt 0:02:00] OK} 35. Qb7 {[%emt 0:00:07] Blunder waarde: Wit=0.32/Zwart=0.68.  Verliest partij:   	---       	Zwart=1      Gemiste overwinning: 	Wit=1      	---        Fout:        	Wit=4      	Zwart=6      Onnauwkeurig:    	Wit=1      	---        OK:         	Wit=7      	Zwart=11     Beste:        	Wit=5      	Zwart=1      Sterk:        	---       	Zwart=1} 1-0

[Event "ESP-ch Teams Honor 2024"]
[Site "Melilla"]
[Date "2024.10.12"]
[Round "1.12"]
[White "Quintin Navarro, Alberto"]
[Black "Moreno Tejera, Emilio"]
[Result "0-1"]
[ECO "D30"]
[WhiteElo "2378"]
[BlackElo "2422"]
[Annotator "RC"]
[PlyCount "110"]
[EventDate "2024.10.11"]
[EventType "team-tourn"]
[EventCountry "ESP"]
[SourceTitle "playchess.com"]
[Source "ChessBase"]
[SourceQuality "1"]
[WhiteTeam "Casablanca"]
[BlackTeam "Extremadura"]
[TimeControl "5400+30"]

1. d4 d5 2. c4 e6 3. Nf3 a6 4. Bg5 Be7 5. Bxe7 Nxe7 6. Nbd2 O-O 7. g3 Nd7 8. Bg2 b6 9. O-O Bb7 10. Qc2 h6 11. b4 a5 12. a3 Qb8 13. e4 dxe4 14. Nxe4 axb4 15. axb4 b5 16. Nc5 Nxc5 17. dxc5 bxc4 18. Qxc4 Bd5 19. Qc3 Qb7 20. Rfb1 Rxa1 21. Rxa1 Rb8 22. Rb1 Be4 23. Rb2 Qa8 24. h4 Nd5 25. Qd2 Qa3 26. Ne5 Bxg2 27. Kxg2 Rxb4 28. Ra2 Qb3 29. Nc6 Ra4 30. Rxa4 Qxa4 31. Ne7+ Kf8 32. Nxd5 Qc6 33. Kg1 exd5 34. Qd4 Qe6 35. Qf4 Qe1+ 36. Kh2 Qe7 37. Qb4 Qd8 38. c6+ Ke8 39. Qg4 Qd6 40. Qxg7 Qxc6 41. Qe5+ Kd7 42. h5 Qd6 43. Qf5+ Ke7 44. f4 Qe6 45. Qc2 Qd6 46. Kg2 d4 47. Qe4+ Kf8 48. Kf3 c5 49. g4 d3 50. Ke3 d2 51. Qa8+ Kg7 52. Qa1+ Kg8 53. Ke2 Qxf4 54. Qa8+ Kg7 55. Qa1+ Qd4 0-1

[Event "ESP-ch Teams Honor 2024"]
[Site "Melilla"]
[Date "2024.10.12"]
[Round "1.13"]
[White "Alekseenko, Kirill"]
[Black "Deac, Bogdan-Daniel"]
[Result "1-0"]
[ECO "C48"]
[WhiteElo "2679"]
[BlackElo "2691"]
[Annotator "TA"]
[PlyCount "61"]
[EventDate "2024.10.11"]
[EventType "team-tourn"]
[EventCountry "ESP"]
[SourceTitle "playchess.com"]
[Source "ChessBase"]
[SourceQuality "1"]
[WhiteTeam "Silla"]
[BlackTeam "Costa Calida"]
[TimeControl "5400+30"]

1. e4 e5 2. Nf3 Nf6 3. Nc3 Nc6 4. Bb5 Nd4 5. Be2 d6 6. O-O Be7 7. d3 Nxe2+ 8. Nxe2 {[%emt 0:00:24] Die Stellung ist ausgeglichen.} O-O 9. Ng3 Re8 10. b3 d5 11. exd5 Nxd5 12. Bb2 Bd6 13. Re1 Bg4 14. h3 Bxf3 15. Qxf3 c6 16. Nf5 Bc7 17. d4 Qf6 18. Qe4 (18. dxe5 $5 Bxe5 19. Qe4 Bh2+ 20. Kxh2 Rxe4 21. Bxf6 Nxf6 22. Nd6 Rxe1 23. Rxe1 $14) 18... Ba5 19. dxe5 $40 {[%emt 0:01:06][%mdl 128] Weiss hat was vor.} Bxe1 20. Rxe1 Qe6 (20... Qg6 $14) 21. Nd6 {[%emt 0:06:43][%mdl 1024] Weiss hat starke Kompensation.} Re7 22. c4 {[%emt 0:01:35] Weiß steht deutlich aktiver.} Nb6 (22... Nb4 $16 {ist wohl besser.}) 23. f4 $18 {[%emt 0:03:42][%cal Bf2f4,Bf4f5][%mdl 32] Schwarz hat schwache schwarze Felder} Qd7 (23... Nc8 {war angesagt.} 24. Nf5 Re8) 24. Nf5 {[%emt 0:05:23][%cal Of5g7] Droht stark Nxg7!} ({Auf keinen Fall} 24. f5 $6 f6 $18) 24... Re6 {[%emt 0:00:46] [#]} 25. Nxg7 $1 Kxg7 26. f5 Rg8 27. Qf3 {[%emt 0:05:29][%cal Oe1d1] Und Rd1! würde nun gewinnen.} Qe8 (27... Qd2 28. fxe6 (28. Bc3 Qh6 $18) 28... h6 29. exf7 (29. Qxf7+ Kh8 $18) (29. Bc3 Qxe1+ 30. Bxe1 fxe6 $18) 29... Qxb2 30. e6 (30. fxg8=B Qd4+ 31. Kh1 Kh8 32. e6 Qd2 33. Qf6+ Kxg8 34. Rf1 Qg5 35. Qxg5+ hxg5) (30. fxg8=N Qd4+ 31. Kh1 Qh4 $18) (30. fxg8=Q+ Kxg8 31. e6 Qd4+ 32. Kh1 Qh4 33. Qf7+ Kh8 34. Rf1 Qg5) (30. Qf6+ Kf8 31. fxg8=N+ Kxg8 32. Qg6+ Kh8 33. Rf1 Qd4+ 34. Kh1 Nd7 35. Qe8+ Kh7) 30... Qd4+ 31. Kh1 $18) 28. fxe6 Qxe6 29. Rd1 Nc8 {[%emt 0:00:01] Es drohte Rd6} 30. Rd7 {[%emt 0:00:53][%cal Od7f7] Weiss will mit Rxf7+! Matt setzen.} b6 {[%emt 0:00:27] [#]} 31. Rxf7+ $3 {[%emt 0:00:37][%mdl 512] Gewichteter Fehlerwert: Weiß=0.23 (präzise) /Schwarz=0.60.  Fehler:       	---       	Schwarz=3     Ungenau:       	Weiß=1     	Schwarz=6     OK:         	Weiß=9     	Schwarz=6     Bester:       	Weiß=3     	---} 1-0

[Event "ESP-ch Teams Honor 2024"]
[Site "Melilla"]
[Date "2024.10.12"]
[Round "1.14"]
[White "Amin, Bassem"]
[Black "Shevchenko, Kirill"]
[Result "1/2-1/2"]
[ECO "B30"]
[WhiteElo "2636"]
[BlackElo "2656"]
[Annotator "TA"]
[PlyCount "71"]
[EventDate "2024.10.11"]
[EventType "team-tourn"]
[EventCountry "ESP"]
[SourceTitle "playchess.com"]
[Source "ChessBase"]
[SourceQuality "1"]
[WhiteTeam "Costa Calida"]
[BlackTeam "Silla"]
[TimeControl "5400+30"]

1. e4 c5 2. Nf3 Nc6 3. Bb5 e6 4. Bxc6 bxc6 5. d3 Qc7 6. O-O Ne7 7. Ng5 h6 8. Nh3 d5 9. c4 e5 10. f4 Bxh3 11. gxh3 dxe4 12. dxe4 exf4 13. Bxf4 Qc8 14. Qg4 Ng6 15. Bg3 Qxg4 16. hxg4 Rd8 17. Nc3 Bd6 18. Bxd6 Rxd6 19. Rf5 {[%emt 0:02:28] Wards off Ne5} O-O 20. Raf1 f6 21. Rxc5 Ne5 (21... Rfd8 $15 22. Ra5 Rd2) 22. Ra5 Rfd8 23. Rxa7 Rd2 24. Rf2 Nxg4 25. Rxd2 Rxd2 $11 {[%emt 0:00:13][%mdl 4096] Endgame. KRN-KRN} 26. h3 Ne5 27. Rb7 Nxc4 28. a4 Kh7 ({Much weaker is} 28... Rxb2 29. Rxb2 Nxb2 30. a5 $14) 29. Rb4 {[%emt 0:03:04] The position is equal.} Nxb2 {[%emt 0:08:52] ...Rc2 is the strong threat.} 30. a5 {[%emt 0:00:27] [#] a6 would now be deadly.} c5 31. Rb7 {[%emt 0:03:25][%mdl 1024] White has compensation.} Nc4 32. a6 Ne5 33. Kf1 Nf3 34. a7 Nh2+ 35. Ke1 (35. Kg1 $5) 35... Nf3+ 36. Kf1 {[%emt 0:00:04] Weighted Error Value: White=0.07 (flawless) /Black=0.04 (flawless) .  Mistake:       	---       	Black=1      Inaccurate:     	White=2     	---        OK:         	White=10    	Black=17     Best:        	White=3     	Black=2} 1/2-1/2

[Event "ESP-ch Teams Honor 2024"]
[Site "Melilla"]
[Date "2024.10.12"]
[Round "1.15"]
[White "Korobov, Anton"]
[Black "Ibarra Jerez, Jose Carlos"]
[Result "1-0"]
[ECO "B12"]
[WhiteElo "2660"]
[BlackElo "2559"]
[Annotator "TA"]
[PlyCount "89"]
[EventDate "2024.10.11"]
[EventType "team-tourn"]
[EventCountry "ESP"]
[SourceTitle "playchess.com"]
[Source "ChessBase"]
[SourceQuality "1"]
[WhiteTeam "Silla"]
[BlackTeam "Costa Calida"]
[TimeControl "5400+30"]

1. e4 c6 2. d4 d5 3. e5 Bf5 4. Nf3 e6 5. Be2 Ne7 6. O-O h6 7. a4 {[%emt 0:03:29] B12: Caro-Kann: Advance Variation.} a5 (7... c5 $11) 8. c3 Nd7 9. Na3 Nc8 10. Nc2 Ncb6 $146 ({Predecessor:} 10... Be7 11. Ne3 Bg6 12. Bd3 Bxd3 13. Qxd3 c5 14. b3 cxd4 15. cxd4 Na7 16. Bd2 Nc6 {0-1 Wagner,D (2570)-Wojtaszek,R (2696) Titled Tuesday intern op 27th Sep Early blitz 2022 (10)}) 11. Ne3 Bh7 12. Ne1 Be7 13. f4 f5 (13... O-O $142) 14. exf6 ({Better is} 14. g4 $16) 14... Nxf6 $14 15. Bh5+ Nxh5 16. Qxh5+ Kd7 17. Nf3 Bd6 18. b3 Rf8 19. c4 Nc8 (19... Rxf4 $2 20. c5 $18) 20. Qg4 Bd3 21. Re1 (21. Rf2 $18) 21... Ne7 (21... Qf6 $16) 22. Ba3 $18 (22. Qxg7 Be4 23. c5 (23. Qxh6 Rh8 $17) 23... Rg8 24. Qxh6 Rg6 $16) 22... Rxf4 23. Qxg7 Qf8 24. Ne5+ Bxe5 25. Qxe5 Ng6 {[%emt 0:00:27] Dodges cxd5} 26. Ng4 Qf5 $2 (26... Qf7 {might work better.}) 27. Qd6+ $18 Kc8 28. Nxh6 (28. Qxe6+ Qxe6 29. Rxe6 Rxg4 $18) 28... Qf6 29. Qxe6+ (29. Rxe6 $2 Rf1+ 30. Rxf1 Qxf1#) 29... Qxe6 30. Rxe6 Ra6 (30... Kd7 {was worth a try.} 31. cxd5 Rxd4) 31. Rd1 Be4 32. Bd6 Rh4 33. Nf7 Kd7 34. Rf6 Rh5 35. c5 Ra8 36. Bg3 Rg8 37. Nd6 Ne7 38. Rdf1 {[%emt 0:02:14] Dodges Nf5} Rg7 39. Rf8 {[%emt 0:02:38][%cal Of8b8] Threatens to win with Rb8!} Ng6 (39... Rg8 $142 40. Rxg8 (40. Nxb7 Rhg5 $18) 40... Nxg8 41. Rf7+ (41. Nxb7 Rf5 $18) 41... Ke6) 40. Rb8 $18 Ke6 41. Nxb7 {[%emt 0:00:55] Hoping for Nd8+.} Ne7 42. Nd8+ Kd7 43. Rb7+ Ke8 44. Ne6 Rg8 {[%emt 0:00:32] Dodges Rf8+} 45. Rb8+ 1-0

[Event "ESP-ch Teams Honor 2024"]
[Site "Melilla"]
[Date "2024.10.12"]
[Round "1.16"]
[White "Muzychuk, Anna"]
[Black "Yuffa, Daniil"]
[Result "*"]
[ECO "B30"]
[WhiteElo "2524"]
[BlackElo "2608"]
[Annotator "RC"]
[PlyCount "33"]
[EventDate "2024.10.11"]
[EventType "team-tourn"]
[EventCountry "ESP"]
[SourceTitle "playchess.com"]
[Source "ChessBase"]
[SourceQuality "1"]
[WhiteTeam "Costa Calida"]
[BlackTeam "Silla"]
[TimeControl "5400+30"]

1. e4 c5 2. Nf3 Nc6 3. Bb5 d6 4. O-O Bd7 5. Re1 Nf6 6. c3 a6 7. Bf1 Bg4 8. h3 Bxf3 9. Qxf3 e6 10. d3 Be7 11. Nd2 O-O 12. Qd1 b5 13. Nf3 b4 14. Qa4 Qd7 15. Bf4 Rfd8 16. Qc2 a5 17. Rad1 *

[Event "ESP-ch Teams Honor 2024"]
[Site "Melilla"]
[Date "2024.10.12"]
[Round "1.17"]
[White "Alonso Rosell, Alvar"]
[Black "Cuenca Jimenez, Jose Fernando"]
[Result "1/2-1/2"]
[ECO "A05"]
[WhiteElo "2550"]
[BlackElo "2480"]
[Annotator "TA"]
[PlyCount "81"]
[EventDate "2024.10.11"]
[EventType "team-tourn"]
[EventCountry "ESP"]
[SourceTitle "playchess.com"]
[Source "ChessBase"]
[SourceQuality "1"]
[WhiteTeam "Silla"]
[BlackTeam "Costa Calida"]
[TimeControl "5400+30"]

1. Nf3 d5 2. g3 Nf6 3. Bg2 c5 4. c4 g6 5. cxd5 Nxd5 6. d4 Bg7 7. dxc5 Qa5+ 8. Nfd2 {[%emt 0:07:07] The position is equal.} Qxc5 9. Nb3 Qb4+ 10. Bd2 Qd6 11. Na3 Nb6 {[%emt 0:07:17][%cal Oe8g8] Dodges Nc4} 12. Nb5 Qd7 13. Bc3 $36 {[%emt 0:10:10][%mdl 2048] White is pushing.} Bxc3+ 14. Nxc3 Qxd1+ 15. Rxd1 Nc6 16. Nc5 e6 17. f4 Ke7 18. Kf2 {[%emt 0:00:34] White has more active pieces.} Rd8 19. Rxd8 ({White should play} 19. Bxc6 $16 Rxd1 20. Rxd1 bxc6 21. N3e4) 19... Nxd8 $14 20. Rc1 $1 Nd7 21. Nd3 Rb8 {[%emt 0:01:31] Black is weak on the dark squares} 22. Nb5 a6 23. Nd4 Nb6 24. Nc5 Bd7 25. Rc2 Na4 26. Nxd7 Kxd7 27. Nf3 f6 {[%emt 0:00:32] [#] Against Ne5+} 28. g4 ({Better is} 28. Nd2 $1 $16 ) 28... Rc8 $11 29. Rd2+ Ke7 30. g5 fxg5 31. Nxg5 h6 $1 32. Nf3 Nc6 (32... Nf7 $5) 33. Ne1 Nc5 34. Nd3 Nxd3+ ({Black should try} 34... Rd8 $11) 35. Rxd3 {[%emt 0:00:03][%mdl 4096] Endgame. KRB-KRN} Rf8 36. Kg3 Rc8 37. Rc3 Kd6 38. h4 Rb8 39. Be4 Ne7 40. Rb3 b6 41. Rd3+ {[%emt 0:01:25] Weighted Error Value: White=0.10 (very precise) /Black=0.12 (very precise) .  Mistake:       	White=2     	Black=1      Inaccurate:     	White=3     	Black=3      OK:         	White=14    	Black=11     Best:        	---       	Black=2      Strong:       	White=1     	Black=1} 1/2-1/2

[Event "ESP-ch Teams Honor 2024"]
[Site "Melilla"]
[Date "2024.10.12"]
[Round "1.18"]
[White "Camacho Collados, Marcos"]
[Black "Khademalsharieh, Sarasadat"]
[Result "1/2-1/2"]
[ECO "C26"]
[WhiteElo "2453"]
[BlackElo "2478"]
[Annotator "TA"]
[PlyCount "99"]
[EventDate "2024.10.11"]
[EventType "team-tourn"]
[EventCountry "ESP"]
[SourceTitle "playchess.com"]
[Source "ChessBase"]
[SourceQuality "1"]
[WhiteTeam "Costa Calida"]
[BlackTeam "Silla"]
[TimeControl "5400+30"]

1. e4 e5 2. Nc3 Nf6 3. Bc4 Bb4 4. a3 Ba5 5. d3 c6 6. Bg5 h6 7. Bh4 d6 8. Nge2 Nbd7 9. b4 Bb6 10. d4 a5 11. b5 Qc7 12. O-O O-O 13. Ba2 Re8 14. Re1 a4 15. Rb1 Ba5 16. Qd3 exd4 17. Qxd4 Bb6 18. Qd1 Nxe4 19. Rb4 $2 (19. Nd4 $11 {and White is okay.} Ndf6 (19... Nxc3 $2 20. Bxf7+ Kxf7 21. Qh5+ Kg8 22. Qxe8+ Nf8 23. Re7 $18) 20. Nxe4 Nxe4 21. bxc6 bxc6 22. Bxf7+ Kxf7 23. Rxe4 (23. Qh5+ Kf8 $15) 23... Rxe4 24. Qf3+ Kg8 25. Qxe4) 19... Nxc3 ({Better is} 19... Ndf6 $19 {aiming for ...Bg4.} 20. Nxe4 Nxe4) 20. Nxc3 $17 {[%emt 0:00:08] [#] Black must now prevent Bxf7+.} Ne5 21. Rxa4 Rxa4 22. Nxa4 Ba5 23. b6 Bxb6 24. Nxb6 Qxb6 25. Bg3 (25. Qxd6 $2 {is the wrong capture.} Nf3+ 26. gxf3 Rxe1+ 27. Kg2 Qa5 $19 (27... Be6 $2 28. Qd2 $19)) 25... Be6 (25... Qc5 $17 26. a4 Bg4) 26. Bxe5 (26. Qxd6 $15 Bxa2 27. Bxe5) 26... dxe5 ({Much worse is} 26... Bxa2 $6 27. Bxg7 Rxe1+ 28. Qxe1 $11) 27. Bxe6 Rxe6 $15 {[%emt 0:00:04][%mdl 4096] Endgame. KQR-KQR} 28. h3 e4 29. Re3 Qc5 30. Qd7 b5 ({Don't play} 30... Qxc2 31. Qxb7 Qd1+ 32. Kh2 $17) 31. Qd8+ Kh7 32. Qd2 f5 33. g3 Rd6 34. Qe2 Qd5 35. Rc3 (35. g4 $17) 35... g5 $19 36. Qe3 Rg6 $2 (36... Qe5 $17 {Hoping for ...f4.} 37. Qc5 Qf6) 37. Qa7+ $11 {[%emt 0:00:33] The position is equal.} Rg7 38. Qc5 f4 {[%emt 0:00:29] [#] Strongly threatening ...fxg3.} (38... Qxc5 {simplifies} 39. Rxc5 Ra7 40. Rxc6 Rxa3 41. Rb6 e3) 39. Qxc6 Qd1+ 40. Kg2 Qe2 (40... Qd4 {simplifies} 41. g4 Re7 42. Qc5 Qf6) 41. Re3 fxe3 42. Qxe4+ Kh8 43. Qe8+ Rg8 44. Qe5+ Kh7 45. Qe7+ Kg6 46. Qe6+ Kg7 47. Qe7+ Kh8 48. Qe5+ Kh7 49. Qe7+ Rg7 50. Qe4+ {[%emt 0:00:32] White happily takes the draw.   Weighted Error Value: White=0.15 (very precise) /Black=0.15 (very precise) .  Loses game:     	White=1     	---        Mistake:       	White=2     	Black=3      Inaccurate:     	White=4     	Black=4      OK:         	White=12    	Black=16     Best:        	White=5     	Black=2} 1/2-1/2

[Event "ESP-ch Teams Honor 2024"]
[Site "Melilla"]
[Date "2024.10.12"]
[Round "1.19"]
[White "Tabatabaei, M. Amin"]
[Black "Aravindh, Chithambaram VR."]
[Result "1/2-1/2"]
[ECO "D02"]
[WhiteElo "2702"]
[BlackElo "2698"]
[Annotator "TA"]
[PlyCount "78"]
[EventDate "2024.10.11"]
[EventType "team-tourn"]
[EventCountry "ESP"]
[SourceTitle "playchess.com"]
[Source "ChessBase"]
[SourceQuality "1"]
[WhiteTeam "Andreu"]
[BlackTeam "Solvay"]
[TimeControl "5400+30"]

1. d4 d5 2. Nf3 Nf6 3. Bf4 c5 4. e3 e6 5. c3 Nc6 6. Nbd2 Nh5 7. Bg5 f6 8. Bh4 cxd4 9. cxd4 {[%emt 0:05:06] The position is equal.} Be7 10. Rc1 (10. g4 $5) 10... O-O 11. Bd3 e5 {[%emt 0:07:42] [#]} 12. Nxe5 fxe5 13. Qxh5 g6 $1 14. Bxe7 Qxe7 15. Qe2 exd4 16. e4 (16. O-O {simplifies} dxe3 17. Qxe3 Qxe3 18. fxe3 Bg4 19. Bc2) 16... Ne5 {[%emt 0:24:30][%cal Bc6e5,Be5d3,Bd3e1][%mdl 32] Threatens to win with ...Qg5.} 17. O-O Qg5 18. Rce1 (18. exd5 Bg4 19. f3 Nxf3+ 20. Nxf3 Bxf3 21. Qe6+ Rf7 $17 (21... Kh8 $2 22. Rc2 $17)) 18... Bh3 19. f4 $1 (19. exd5 $2 Qxg2#) 19... Rxf4 20. Rxf4 Nxd3 (20... Qxf4 $2 21. gxh3 Rf8 22. Kh1 $18 (22. exd5 $2 Nxd3 23. Qe6+ Rf7 $19)) 21. Rf3 {[%emt 0:05:43] Dancing on a razor blade.} Nxe1 22. Rxh3 Nc2 {[%emt 0:00:13] Hoping for ...Ne3.} 23. exd5 Ne3 {[%emt 0:01:19][%cal Oa8c8] aiming for ...Rc8!} 24. Nf1 Nxf1 25. Qe6+ Kh8 26. Kxf1 $11 {[%emt 0:00:47][%mdl 4096] Endgame. KQR-KQR} Qc1+ 27. Ke2 Qc2+ 28. Ke1 Qc1+ 29. Ke2 Qxb2+ 30. Kd3 $2 {[%emt 0:00:19][%mdl 8192] [#] This move loses the game for White.} (30. Ke1 $11) 30... Qb5+ $1 $19 (30... Qxa2 31. Qf6+ Kg8 32. Qe6+ Kh8 33. Qe5+ Kg8 34. Qe6+ Kh8 $11) 31. Kxd4 Re8 32. Qf6+ Kg8 {[%emt 0:00:05] ( -> ...Qb4+)} 33. d6 Qb4+ 34. Kd3 Qb1+ 35. Kd4 Qb2+ 36. Rc3 Qd2+ 37. Kc4 Qxa2+ (37... Qxg2 38. d7 Qxa2+ 39. Kc5 Qa5+ 40. Kd6 Qb6+ 41. Kd5 Qb5+ 42. Kd6 Qb6+ 43. Kd5 Qb5+ 44. Kd6 Qb6+ $11) 38. Kb5 Qb2+ (38... Qxg2 39. Qd4 Qb2+ (39... Qxh2 40. Rc7 $16) 40. Ka5 $15) (38... Qd5+ $142 39. Kb4 Re4+ (39... Qxg2 40. Qd4 $11) 40. Ka3 Qa5+ 41. Kb2 Re2+ 42. Kb3 Qa2+ (42... Rxg2 43. Rc8+) (42... Qd5+ $2 43. Rc4 $19) 43. Kb4 Re4+ (43... Rxg2 44. Rc8#) 44. Qd4 Rxd4+ 45. Kb5 Qa6+ 46. Kc5 Qb6#) 39. Ka5 Qb6+ {[%emt 0:00:21][%mdl 32768] Weighted Error Value: White=0.59/Black=0.18 (very precise) .  Loses game:     	White=1     	---        Inaccurate:     	---       	Black=1      OK:         	White=14    	Black=11     Best:        	White=1     	Black=3      Strong:       	White=1     	Black=2     . An unexpected result.} ({Worse is} 39... Qxg2 40. Qd4 Qg5+ (40... Qxh2 41. Qd5+ Kg7 42. d7 $11) (40... Qa2+ 41. Kb4 $17) 41. Kb4 $15) 1/2-1/2

[Event "ESP-ch Teams Honor 2024"]
[Site "Melilla"]
[Date "2024.10.12"]
[Round "1.20"]
[White "Ivanchuk, Vasyl"]
[Black "Van Foreest, Jorden"]
[Result "1/2-1/2"]
[ECO "E92"]
[WhiteElo "2632"]
[BlackElo "2697"]
[Annotator "TA"]
[PlyCount "68"]
[EventDate "2024.10.11"]
[EventType "team-tourn"]
[EventCountry "ESP"]
[SourceTitle "playchess.com"]
[Source "ChessBase"]
[SourceQuality "1"]
[WhiteTeam "Solvay"]
[BlackTeam "Andreu"]
[TimeControl "5400+30"]

1. d4 Nf6 2. c4 g6 3. Nc3 Bg7 4. e4 d6 5. Be2 O-O 6. Nf3 e5 7. Be3 exd4 8. Nxd4 Re8 9. f3 c6 10. Qd2 d5 11. exd5 cxd5 12. O-O dxc4 13. Bxc4 Nc6 14. Nxc6 Qxd2 15. Bxd2 bxc6 16. Rfe1 Bf5 17. g4 Be6 18. Bxe6 fxe6 19. Rac1 Nd7 20. Ne4 Bxb2 {[%emt 0:06:27] The position is equal.} 21. Rxc6 Rac8 22. Rd6 Nc5 {[%emt 0:02:47] [#] Strongly threatening ...Be5.} 23. Bg5 Nxe4 24. Rxe4 Rc2 25. Rd2 Rec8 26. Rxe6 Rxd2 $1 27. Bxd2 $11 {[%emt 0:00:01][%mdl 4096] Endgame. KRB-KRB} Bd4+ 28. Be3 Rc1+ 29. Kg2 Rc2+ 30. Kf1 $1 Kf7 31. Re4 Bxe3 32. Rxe3 Rxa2 33. h4 a5 34. Rb3 a4 {[%emt 0:00:13] Weighted Error Value: White=0.04 (flawless) /Black=0.01 (flawless) .  OK:         	White=9     	Black=12     Best:        	---       	Black=1      Strong:       	White=1     	Black=1} 1/2-1/2